 Dungeon Crawl Stone Soup version 0.29-a0-1052-g6990b1bffc (webtiles) character file.

Game seed: 14032425466391134191

281 drugrobin the Sneak (level 5, -2/46 HPs)
             Began as a Demigod Delver on Aug 17, 2022.
             Killed from afar by an orc wizard (11 damage)
             ... with a puff of flame
             ... on level 3 of the Dungeon.
             The game lasted 00:09:16 (3868 turns).

drugrobin the Sneak (Demigod Delver)                Turns: 3868, Time: 00:09:16

Health: -2/46      AC:  5    Str: 17    XL:     5   Next: 77%
Magic:  16/16      EV: 12    Int: 12    God:
Gold:   103        SH:  0    Dex: 15    Spells: 4/4 levels left

rFire   . . .      SeeInvis .   a - +0 hand axe
rCold   + . .      Faith    .   (no shield)
rNeg    . . .      Spirit   .   b - +0 leather armour
rPois   .          Reflect  +   m - +0 helmet
rElec   .          Harm     .   n - +0 cloak
rCorr   .          Rampage  .   (no gloves)
Will    .....                   (no boots)
Stlth   +.........              u - amulet of reflection
HPRegen 0.15/turn               k - ring of magical power
MPRegen 0.15/turn               D - ring of protection from cold

@: confused
A: high MP 1, forlorn, divine attributes
a: no special abilities


You were on level 3 of the Dungeon.
You visited 1 branch of the dungeon, and saw 6 of its levels.

You collected 103 gold pieces.

Inventory:

Hand Weapons
 a - a +0 hand axe (weapon)
Missiles
 f - 2 boomerangs (quivered)
 h - 13 stones
 w - 4 poisoned darts
Armour
 b - a +0 leather armour (worn)
 m - a +0 helmet (worn)
 n - a +0 cloak (worn)
 x - an orb of guile
Jewellery
 k - a ring of magical power (left hand)
 u - an amulet of reflection (around neck)
 D - a ring of protection from cold (right hand)
Wands
 g - a wand of digging (2)
Scrolls
 c - a scroll of fog
 d - a scroll of magic mapping
 e - 2 scrolls of fear
 i - 3 scrolls of teleportation {unknown}
 j - a scroll of enchant weapon {unknown}
 l - 3 scrolls of identify {unknown}
 o - 3 scrolls of silence {unknown}
 p - a scroll of butterflies {unknown}
 q - 2 scrolls of noise {unknown}
 r - 2 scrolls of blinking {unknown}
 y - a scroll of poison {unknown}
 C - a scroll of summoning {unknown}
Potions
 t - a potion of flight {unknown}
 v - 2 potions of haste
 z - 2 potions of resistance {unknown}
 A - a potion of invisibility {unknown}
 B - a potion of might {unknown}


   Skills:
 + Level 3.9 Fighting
 - Level 4.1 Axes
 + Level 3.3 Dodging
 - Level 4.5 Stealth


You had 4 spell levels left.
You didn't know any spells.
Your spell library contained the following spells:

 Spells                   Type           Power      Damage    Failure   Level
 Freeze                   Ice            0%         1d3       38%         1
 Frozen Ramparts          Ice            0%         1d1       77%         3
 Hailstorm                Conj/Ice       0%         3d3       99%         4


Dungeon Overview and Level Annotations

Branches:
Dungeon (6/15)
 Temple: D:4-7

Shops:
D:1 *


Innate Abilities, Weirdness & Mutations

You have an increased reservoir of magic. (+10% MP)
You shall have no god before yourself.
Your divine heritage dramatically boosts your attributes as you level up.


Message History

Something hits you but does no damage.
You miss something. You punch something.
You feel less confused. Something hits you.
Something hits you but does no damage.
You hit something but do no damage. Something hits you but does no damage.
You hit something but do no damage. Something hits you but does no damage.
You barely miss something. Something hits you.
You hit something but do no damage. Something hits you.
You hit something.
An orc wizard appears from thin air!
Reactivating autopickup.
The orc wizard hits you but does no damage.
You closely miss the orc wizard.
The orc wizard is almost dead.
The orc wizard barely misses you.
You miss the orc wizard.
The orc wizard is almost dead.
The orc wizard points at you and mumbles some strange words.
You are confused.
You barely miss the orc wizard.
The orc wizard is almost dead.
The orc wizard closely misses you.
You bump into the rock wall.
The orc wizard gestures at you while chanting.
The magic dart hits you.
* * * LOW HITPOINT WARNING * * *
You barely miss the orc wizard.
The orc wizard is almost dead.
The orc wizard closely misses you.
The orc wizard attacks as you move away!
The orc wizard hits you with a +0 dagger.
* * * LOW HITPOINT WARNING * * *
The orc wizard mumbles some strange words.
The orc wizard flickers and vanishes!
Deactivating autopickup; reactivate with Ctrl-A.
Unknown command.
Unknown command.
You hear some strange, mumbled words.
A puff of flame appears from out of thin air!
The puff of flame hits you!
You die...

#.........#.########..##.####
#....................###.#
#............####......#.####
#...<....###.####...........###
##......## #....#.....##......#
......### ####.......###.....#
..[.### ###.....# #...[.#
......## #######......# #######
......>###.....{@.>...#
...........#####......#
.....#..#..#####.######
......#.##.......####
.........####.......####
....#..................##########
....###..####.#####.##.....##....
....# ##.####.# #..#####...<...
##### #...##.# ##..## ####....


There were no monsters in sight!

Vanquished Creatures
  A phantom (D:2)
  2 hounds (D:3)
  An iguana (D:4)
  5 adders
  3 dart slugs
  8 orcs
  5 endoplasms
  7 giant cockroaches
  6 goblins
  3 hobgoblins
  7 kobolds
  2 quokkas
  3 ball pythons (D:1)
  7 bats
  A frilled lizard (D:1)
  3 rats
64 creatures vanquished.

Vanquished Creatures (others)
  2 plants (D:4)
2 creatures vanquished.

Grand Total: 66 creatures vanquished

Notes
Turn   | Place    | Note
-------+----------+-------------------------------------------
     0 | D:5      | drugrobin the Demigod Delver began the quest for the Orb.
     0 | D:5      | Reached XP level 1. HP: 18/18 MP: 3/3
    23 | D:6      | Noticed a hound
    62 | D:6      | Noticed an orc wizard
    62 | D:6      | Noticed an orc wizard
   144 | D:5      | Noticed an ogre
   281 | D:5      | Noticed a hound
   308 | D:5      | Noticed a jelly
   312 | D:4      | Noticed a hound
   317 | D:4      | Noticed an iguana
   502 | D:1      | Found Xati Toi's General Store.
   573 | D:1      | Reached XP level 2. HP: 22/25 MP: 4/4
  1439 | D:2      | Reached XP level 3. HP: 30/30 MP: 5/5
  2754 | D:3      | Reached XP level 4. HP: 36/37 MP: 6/6
  3275 | D:4      | Noticed a phantom
  3393 | D:2      | Killed a phantom
  3394 | D:2      | Reached XP level 5. HP: 23/45 MP: 7/7
  3868 | D:3      | Killed from afar by an orc wizard

Illustrated notes

Levels and vault maps discovered:
D:1:      lightli_arrival_isolated_outpost, layout_basic, serial_shops,
          nicolae_shop_crystal, hangedman_decor_points, minivault_14
D:2:      layout_basic, minmay_misc_feat_five
D:3:      layout_rooms, chequers_serial_rivers_micro_a, palyth_stone_intersect
D:4:      layout_cave_pools, chequers_garden, serial_bayou_crossing
D:5:      layout_gridville, gammafunk_temple_overflow_statue
D:6:      layout_loops_corners, gammafunk_temple_overflow_arena, bloody_trog,
          uniq_maggie

Skill      XL: |  1  2  3  4 |
---------------+-------------+-----
Axes           | 2 3 4 |  4.1
Fighting       | 3 |  3.9
Dodging        | 3 |  3.3
Stealth        | |  4.5

Action                   |  1- 3 |  4- 6 || total
-------------------------+-------+-------++-------
Melee: Hand axe          |   158 |   129 ||   287
       Punch             |       |     1 ||     1
Throw: Stone             |     8 |     6 ||    14
       Boomerang         |       |     7 ||     7
Evoke: Wand              |     1 |       ||     1
  Use: Potion            |     2 |     4 ||     6
 Stab: Sleeping          |     6 |       ||     6
Armor: Leather armour    |    59 |    40 ||    99
Dodge: Dodged            |    79 |    80 ||   159
Block: Other             |    23 |    36 ||    59
       Reflection        |     1 |       ||     1

Table legend: (Time is in decaauts)
 A = Elapsed time spent in this place.
 B = Non-inter-level travel time spent in this place.
 C = Inter-level travel time spent in this place.
 D = Time resting spent in this place.
 E = Time spent auto-exploring this place.
 F = Levels seen in this place.
 G = Mean time per level.
                   A        B        C        D        E       F      G
               +--------+--------+--------+--------+--------+-----+--------+
         Total |   3893 |   3718 |    175 |    516 |   2008 |   6 |  648.8 |
       Dungeon |   3893 |   3718 |    175 |    516 |   2008 |   6 |  648.8 |
               +--------+--------+--------+--------+--------+-----+--------+

Top non-repeatable levels by time:
     D:2: 1675 daAuts
     D:3: 948 daAuts
     D:1: 914 daAuts
     D:5: 207 daAuts
     D:6: 97 daAuts
     D:4: 50 daAuts
